 Dungeon Crawl Stone Soup version 0.24-a0-368-g0e0cebd0f3 (webtiles) character file.

Game seed: 10925552780362946475

240 Avack the Ruffian (level 5, -1/40 HPs)
             Began as a Troll Ice Elementalist on May 29, 2019.
             Was an Initiate of Hepliaklqana.
             Killed from afar by an orc wizard (6 damage)
             ... with a puff of flame
             ... on level 3 of the Dungeon.
             The game lasted 00:08:30 (2342 turns).

Avack the Ruffian (Troll Ice Elementalist)          Turns: 2342, Time: 00:08:30

Health: -1/40      AC:  6    Str: 16    XL:     5   Next: 79%
Magic:  2/5        EV: 10    Int: 12    God:    Hepliaklqana [......]
Gold:   265        SH:  0    Dex: 10    Spells: 2/6 levels left

rFire    . . .     SeeInvis .     - Unarmed
rCold    . . .     Gourm    +   (no shield)
rNeg     . . .     Faith    .   a - +0 robe
rPois    .         Spirit   .   (helmet restricted)
rElec    .         Reflect  .   (no cloak)
rCorr    .         Harm     .   (gloves unavailable)
MR       .....                  (boots unavailable)
Stlth    +.........             (no amulet)
HPRegen  0.53/turn              d - ring of flight
MPRegen  0.09/turn              (no ring)

@: lethally poisoned (-1 -> -5), very slightly contaminated
A: large, unfitting armour, reduced essence, claws 3, fast metabolism 3,
gourmand, regeneration 1, shaggy fur 1, tough skin 3
a: Recall Ancestor, Ancestor Identity, Renounce Religion, Evoke Flight


You were on level 3 of the Dungeon.
You worshipped Hepliaklqana.
Hepliaklqana was noncommittal.
You were very full.

You visited 1 branch of the dungeon, and saw 4 of its levels.

You collected 265 gold pieces.

Inventory:

Missiles
 b - 57 stones
 n - 8 poisoned darts (quivered)
Armour
 a - a +0 robe (worn)
 m - a cursed +0 shield
Jewellery
 d - a ring of flight (left claw)
Scrolls
 g - 2 scrolls of noise {unknown}
 j - a scroll of fog {unknown}
 l - a scroll of enchant weapon {unknown}
 s - a scroll of blinking {unknown}
Potions
 e - a potion of resistance
 f - a potion of heal wounds
 k - 2 potions of agility
 o - a potion of brilliance {unknown}
 p - 2 potions of curing
 q - a potion of mutation {unknown}
Comestibles
 c - 6 rations
 h - 2 chunks of flesh


   Skills:
 - Level 1.5 Dodging
 - Level 1.0 Stealth
 + Level 3.8 Unarmed Combat
 - Level 1.2 Spellcasting
   Level 0.6 Conjurations
 + Level 1.7 Charms
 + Level 3.1 Ice Magic


You had 2 spell levels left.
You knew the following spells:

 Your Spells              Type           Power        Failure   Level  Hunger
a - Freeze                Ice            #...         9%          1    ##.....
b - Ozocubu's Armour      Chrm/Ice       #.......     32%         3    ####...

Your spell library contained the following spells:

 Spells                   Type           Power        Failure   Level  Hunger
 Throw Frost              Conj/Ice       #.....       21%         2    ###....
 Throw Icicle             Conj/Ice       #.......     80%         4    #####..
 Summon Ice Beast         Ice/Summ       #.......     83%         4    #####..


Dungeon Overview and Level Annotations

Branches:
Dungeon (4/15)
 Temple: D:4-7

Altars:
Dithmenos
Hepliaklqana


Innate Abilities, Weirdness & Mutations

You are too large for most types of armour.
You have claws for hands.
Your metabolism is lightning-fast.
You like to eat raw meat.
Your natural rate of healing is unusually fast.
You are covered in fur. (AC +1)
You have extremely tough skin. (AC +3)
Your life essence is reduced to manifest your ancestor. (-10% HP)


Message History

Deactivating autopickup; reactivate with Ctrl-A.
You feel sick.
The orc wizard hits you with a +2 dagger of venom.
You are more poisoned.
You feel sick.
You feel sick. Something hits you but does no damage.
You feel sick.
An orc wizard appears from thin air!
Reactivating autopickup.
The orc wizard casts a spell.
The orc wizard blinks!
You feel sick.
The orc wizard casts a spell.
The orc wizard seems to speed up.
The orc wizard hits you with a +1 dagger of venom.
* * * LOW HITPOINT WARNING * * *
* * * LOW HITPOINT WARNING * * *
You feel sick.
The orc wizard gestures at you while chanting.
The puff of flame hits you.
You die...

......###......# #.## #.
....#..........# #..# #.
##..#####..[...# ##.# #.
##..#####......# #.# #.
.............### #.# ##
###..####.....## ### #.# #.
#.#..###.......## ##.###.# #.
.....##"....^...####...##.######.
......+..<...o..@................
.....##.......o.####........###..
.....###.......## ##.###.#.# #..
.##.## ##.....## #.###.#.# ##.
....# ##>..## #.....#.# #. .#.##
####+## #..####.# #.
.#.#####....# #.......# #.
............## ##.###### #.
##.#####.....### #.# #.


You could see 2 orc wizards.

Vanquished Creatures
  A worker ant (D:3)
  Robin (D:2)
  6 adders
  3 oozes
  3 worms
  3 dart slugs
  2 leopard geckos (D:3)
  2 orcs
  6 giant cockroaches
  13 goblins
  11 hobgoblins
  6 jackals
  8 kobolds
  A quokka (D:2)
  9 bats
  4 frilled lizards
  9 rats
88 creatures vanquished.

Vanquished Creatures (collateral kills)
  A worker ant (D:3)
  2 orcs
  A goblin (D:3)
  A jackal (D:3)
  A jackal skeleton (D:4)
6 creatures vanquished.

Grand Total: 94 creatures vanquished

Notes
Turn   | Place    | Note
-------+----------+-------------------------------------------
     0 | D:1      | Avack the Troll Ice Elementalist began the quest for the
                  | Orb.
     0 | D:1      | Reached XP level 1. HP: 16/16 MP: 1/1
    38 | D:1      | Reached skill level 1 in Unarmed Combat
    81 | D:1      | Reached XP level 2. HP: 20/24 MP: 0/2
   376 | D:1      | Reached XP level 3. HP: 31/31 MP: 3/3
   381 | D:1      | Learned a level 3 spell: Ozocubu's Armour
   740 | D:2      | Noticed Robin
   887 | D:2      | Reached XP level 4. HP: 39/39 MP: 4/4
   900 | D:2      | Killed Robin
  1008 | D:2      | Reached skill level 1 in Charms
  1122 | D:2      | Found a faded altar of an unknown god.
  1381 | D:2      | Found a hazy altar of Hepliaklqana.
  1381 | D:2      | Found a shadowy altar of Dithmenos.
  1386 | D:2      | Became a worshipper of Hepliaklqana the Forgotten
  1499 | D:3      | Reached XP level 5. HP: 35/40 MP: 5/5
  2342 | D:3      | Killed from afar by an orc wizard

Levels and vault maps discovered:
D:1:      dpeg_arrival_tiny_i, layout_basic, minmay_misc_feat_square,
          kennysheep_another_room
D:2:      layout_rooms, gammafunk_temple_overflow_wave,
          chequers_ecumenical_altar_simple, uniq_robin
D:3:      layout_loops_corners
D:4:      minmay_chambers_of_twos, layout_cave_pods,
          grunt_temple_overflow_order_and_chaos_2,
          nemelex_xobeh_ov_fountains_minmay, nicolae_overflow_hidden_temple,
          first_ration

Skill      XL: |  1  2  3  4  5 |
---------------+----------------+-----
Unarmed Combat | 1 2 3 |  3.8
Charms         | 1 |  1.7
Ice Magic      | 3 |  3.1
Dodging        | |  1.5
Stealth        | |  1.0
Spellcasting   | |  1.2
Conjurations   | |  0.6

Action                   |  1- 3 |  4- 6 || total
-------------------------+-------+-------++-------
Melee: Unarmed           |    94 |   166 ||   260
       Punch             |     2 |     1 ||     3
Throw: Stone             |     7 |       ||     7
       Dart              |       |     2 ||     2
 Cast: Freeze            |     5 |     5 ||    10
Invok: Ancestor Identity |       |     1 ||     1
  Use: Scroll            |       |     6 ||     6
       Potion            |       |     1 ||     1
  Eat: Chunk             |    13 |    14 ||    27
Armor: Robe              |    50 |    79 ||   129
Dodge: Dodged            |    45 |    85 ||   130

Table legend:
 A = Non-vault XP
 B = Vault XP
 C = Vault XP percentage of total XP
 D = Non-vault monster count
 E = Vault monster count
 F = Vault count percentage of total count
                 A         B        C        D         E       F
            +---------+---------+-------+---------+---------+-------
      Total |     308 |      35 |  10.2 |      83 |      11 |  11.7
            +---------+---------+-------+---------+---------+-------
        D:1 |      81 |       2 |   2.4 |      28 |       1 |   3.4
        D:2 |      51 |      33 |  39.3 |      23 |      10 |  30.3
        D:3 |     169 |       0 |   0.0 |      29 |       0 |   0.0
        D:4 |       7 |       0 |   0.0 |       3 |       0 |   0.0
            +---------+---------+-------+---------+---------+-------
